Map: Site Delta LE

Players

xBenx (xbe)

  • Race: Zerg Zerg
  • League: Gold
  • Spawn Location: 11:00

Entwouw - Winner!

  • Race: Zerg Zerg
  • League: Gold
  • Spawn Location: 5:00

VOD

Have the link to the VOD?

Description

xBenx vs Entwouw

Time

  • Played on: April 9, 2024, 12:14 p.m.
  • Length: 10:56
Show
View Real Time Build Order
Export as new Build Order

xBenx Zerg 

Build Orders: Hatch First 

Get SALT Encoding   

  12  0:02  Drone  
  13  0:14  Overlord  
  13  0:24  Drone  
  14  0:33  Drone  
  15  0:36  Drone  
  16  0:49  Drone  
  17  0:55  Hatchery  
  16  1:02  Extractor, Drone  
  16  1:03  Drone  
  17  1:12  Drone  
  18  1:22  Drone  
  18  1:24  Extractor  
  18  1:28  Spawning Pool  
  17  1:43  Drone  
  17  1:46  Overlord  
  18  2:07  Drone  
  19  2:11  Drone  
  20  2:18  Queen x2  
  20  2:21  Spine Crawler  
  23  2:27  Drone, Spine Crawler  
  23  2:30  Zergling x2  
  23  2:34  Zergling x2  
  25  2:41  Drone  
  25  2:44  Drone  
  27  2:57  Roach Warren  
  26  2:59  Lair  
  26  3:19  Drone x3  
  29  3:22  Queen  
  29  3:24  Metabolic Boost  
  31  3:29  Extractor  
  30  3:46  Drone x3  
  30  3:48  Extractor  
  32  3:50  Overlord  
  32  3:52  Drone  
  32  3:53  Drone x2  
  35  4:07  Extractor  
  35  4:09  Zergling x2  
  36  4:10  Zergling x8  
  36  4:12  Glial Reconstitution  
  39  4:30  Roach x2  
  43  4:31  Overlord  
  43  4:32  Overlord  
  43  4:36  Overlord  
  43  4:54  Overlord  
  43  4:58  Pneumatized Carapace  
  43  5:00  Burrow  
  43  5:10  Evolution Chamber  
  42  5:15  Drone x3  
  44  5:23  Evolution Chamber  
  43  5:29  Nydus Network  
  43  5:34  Spore Crawler  
  41  5:37  Spore Crawler, Overlord x2  
  40  5:54  Tunneling Claws  
  40  5:55  Zergling x4, Roach  
  40  5:56  Zergling x2  
  45  6:10  Hydralisk Den  
  44  6:13  Nydus Canal  
  44  6:37  Nydus Canal  
  44  6:45  Grooved Spines  
  44  6:51  Hatchery  
  43  7:07  Drone  
  43  7:08  Drone x2  
  46  7:10  Drone x2  
  46  7:11  Drone  
  46  7:12  Drone x6  
  46  7:13  Drone  
  56  7:16  Ravager  
  57  7:23  Nydus Canal  
  57  7:27  Drone x2  
  59  7:37  Spine Crawler  
  59  7:40  Nydus Canal  
  58  7:46  Zerg Melee Weapons Level 1  
  58  7:53  Spore Crawler  
  58  7:55  Spore Crawler  
  56  8:00  Spine Crawler  
  56  8:03  Drone x5  
  56  8:05  Drone  
  61  8:15  Infestation Pit  
  60  8:20  Hydralisk x2  
  64  8:33  Spore Crawler  
  63  8:59  Zergling x6, Hydralisk x6  
  63  9:00  Zergling x10  
  83  9:10  Infestor  
  85  9:17  Nydus Canal  
  74  9:38  Evolution Chamber  
  71  9:39  Spine Crawler  
  71  9:40  Spine Crawler  
  66  9:50  Nydus Canal  
  66  9:55  Ravager x2  
Show
View Real Time Build Order
Export as new Build Order

Entwouw Zerg - Winner!

Build Orders: Pool First 

Get SALT Encoding   

  12  0:01  Drone  
  13  0:13  Overlord  
  13  0:17  Drone  
  14  0:34  Spawning Pool  
  13  0:37  Drone  
  13  0:40  Drone  
  15  0:46  Drone  
  16  0:50  Drone  
  17  1:06  Extractor  
  17  1:07  Overlord  
  16  1:12  Drone  
  17  1:21  Queen  
  17  1:22  Zergling x2  
  20  1:32  Roach Warren  
  19  1:35  Drone  
  20  2:00  Hatchery  
  19  2:02  Overlord  
  19  2:05  Drone  
  20  2:18  Queen  
  20  2:19  Drone  
  20  2:22  Drone  
  24  2:32  Roach  
  24  2:36  Extractor  
  25  2:40  Roach  
  27  2:49  Roach  
  29  2:55  Roach  
  31  3:03  Roach  
  35  3:20  Roach x3  
  35  3:26  Drone x2  
  41  3:41  Overlord x2  
  41  3:50  Overlord  
  41  3:57  Overlord  
  41  4:02  Drone x2  
  43  4:04  Drone  
  44  4:11  Drone  
  44  4:16  Drone  
  46  4:19  Drone x2  
  46  4:21  Drone  
  49  4:29  Evolution Chamber  
  48  4:38  Evolution Chamber  
  48  4:44  Drone x3  
  50  4:50  Spine Crawler  
  49  4:56  Roach x2  
  49  4:57  Roach  
  55  5:06  Drone  
  56  5:08  Zerg Ground Armor Level 1  
  56  5:16  Drone x3  
  56  5:17  Drone  
  60  5:25  Roach x2  
  64  5:28  Roach  
  64  5:32  Zerg Missile Weapons Level 1  
  66  5:38  Lair  
  66  5:40  Drone  
  66  5:41  Drone  
  68  5:47  Overlord  
  68  5:51  Overlord  
  68  5:55  Extractor  
  68  5:56  Overlord  
  67  6:02  Drone  
  68  6:14  Drone x2  
  68  6:15  Drone x2  
  72  6:46  Roach x3  
  78  6:51  Glial Reconstitution  
  78  7:03  Roach x4  
  86  7:13  Roach x3  
  86  7:14  Overlord x3  
  92  7:19  Hydralisk Den  
  92  7:20  Zerg Ground Armor Level 2  
  91  7:24  Drone  
  91  7:28  Overlord x2  
  91  7:29  Extractor  
  91  7:30  Overseer  
  93  7:44  Roach x3  
  97  8:00  Roach x4  
  105  8:08  Muscular Augments  
  105  8:09  Hydralisk x2  
  109  8:19  Drone x2  
  111  8:24  Hydralisk x2  
  115  8:38  Roach x3  
  121  8:43  Drone x2  
  121  8:44  Drone x3  
  126  8:51  Lurker Den  
  125  9:12  Grooved Spines  
  125  9:34  Overlord x5  
  125  9:43  Overlord x3  
  125  9:44  Overlord x2  
  123  10:02  Overseer  
  123  10:03  Overseer  
  123  10:05  Roach x4  
  131  10:14  Hydralisk x3  
  131  10:20  Lurker  
  138  10:34  Lurker  
Tags
 
Add a new tag
Caveats
  • Supply blocks, unpowered buildings, or Contaminate may cause inaccurate times.
  • Supply counts are checked every 10 seconds.